 Dungeon Crawl Stone Soup version 0.30-a0-845-g7c6808c8ce (webtiles) character file.

Game seed: 17443625114930050095

60 Duck the Stinger (level 4, 0/32 HPs)
             Began as a Formicid Venom Mage on Mar 3, 2023.
             Slain by a gnoll
             ... wielding a +0 club
              (2 damage)
             ... on level 2 of the Dungeon.
             The game lasted 00:12:59 (1794 turns).

Duck the Stinger (Formicid Venom Mage)              Turns: 1794, Time: 00:13:00

Health: 0/32       AC:  2    Str: 13    XL:     4   Next: 25%
Magic:  7/8        EV: 12    Int: 16    God:
Gold:   112        SH:  0    Dex: 14    Spells: 7/8 levels left

rFire   + . .      SeeInvis +    f - +0 spear
rCold   x . .      Faith    .    (no shield)
rNeg    . . .      Spirit   .    a - +0 robe
rPois   .          Reflect  .    (helmet unavailable)
rElec   .          Rampage  .    (no cloak)
rCorr   .                        (no gloves)
Will    .....                    (no boots)
Stlth   ++                       (no amulet)
HPRegen 0.25/turn                o - ring of fire
MPRegen 0.11/turn                (no ring)

@: no status effects
A: permanent stasis, dig shafts and tunnels, antennae 3, four strong arms
a: Dig, Shaft Self


You were on level 2 of the Dungeon.
You visited 1 branch of the dungeon, and saw 3 of its levels.

You collected 112 gold pieces.

Inventory:

Hand Weapons
 f - a +0 spear (weapon)
 l - a +0 lajatang
Armour
 a - a +0 robe (worn)
Jewellery
 o - a ring of fire (left hand)
Scrolls
 c - 2 scrolls of enchant weapon {unknown}
 d - a scroll of immolation {unknown}
 e - a scroll of fog {unknown}
 g - a scroll of brand weapon {unknown}
 i - 2 scrolls of identify {unknown}
 m - a scroll of poison {unknown}
 p - a scroll of enchant armour {unknown}
 q - a scroll of vulnerability {unknown}
Potions
 b - a potion of magic
 h - 2 potions of curing {unknown}
 j - a potion of attraction {unknown}
 k - a potion of lignification {unknown}
 n - a potion of invisibility {unknown}


   Skills:
 - Level 1.3 Fighting
 + Level 1.1 Polearms
 - Level 1.8 Dodging
 - Level 2.5 Stealth
 + Level 2.7 Spellcasting
 - Level 1.2 Transmutations
 * Level 5.0 Poison Magic


You had 7 spell levels left.
You knew the following spells:

 Your Spells              Type           Power      Damage    Failure   Level
a - Sting                 Tmut/Pois      48%        1d5       5%          1

Your spell library contained the following spells:

 Spells                   Type           Power      Damage    Failure   Level
 Poisonous Vapours        Pois/Air       20%        N/A       11%         2
 Shock                    Conj/Air       8%         1d3       19%         1
 Olgreb's Toxic Radiance  Pois           18%        N/A       24%         4
 Mephitic Cloud           Conj/Pois/Air  7%         N/A       28%         3


Dungeon Overview and Level Annotations

Branches:
Dungeon (3/15)

Altars:
Dithmenos
Qazlal
Wu Jian

Shops:
D:1 *(


Innate Abilities, Weirdness & Mutations

You cannot be hasted, slowed, berserked, paralysed or teleported.
You can dig through walls and to a lower floor.
You have a pair of large antennae on your head. (SInv)
Your four strong arms can wield two-handed weapons with a shield.


Message History

Aim: a gnoll, wielding a +0 club (75% to hit)
The sting hits the gnoll.
The gnoll is poisoned.
The gnoll is lightly wounded.
Reach: f) +0 spear
Press: ? - help, Dir - move target, f/p - gnoll
Aim: a gnoll, wielding a +0 club (lightly wounded, poisoned, about 36% to evade your +0 spear)
You reach to attack!
You completely miss the gnoll.
The gnoll is lightly wounded.
The gnoll attacks as you move away! The gnoll hits you with a +0 club.
The gnoll attacks as you move away! The gnoll barely misses you.
The gnoll attacks as you move away! The gnoll hits you with a +0 club.
The gnoll attacks as you move away! The gnoll misses you.
There is a stone staircase leading up here.
The gnoll looks more healthy.
The gnoll hits you with a +0 club.
You climb upwards.
There is a stone staircase leading down here.
You barely miss the gnoll.
The gnoll is moderately wounded.
The gnoll hits you with a +0 club.
You closely miss the gnoll.
The gnoll is moderately wounded.
The gnoll hits you with a +0 club.
Aiming: Sting (safe; 5% risk of failure)
Press: ? - help, Q - select action, (/) - cycle Shift-Dir - straight line, f - gnoll
Aim: a gnoll, wielding a +0 club (moderately wounded, 75% to hit)
The sting hits the gnoll.
The gnoll is poisoned.
The gnoll is moderately wounded.
The gnoll closely misses you.
You hit the gnoll.
The gnoll is severely wounded.
The gnoll hits you with a +0 club.
* * * LOW HITPOINT WARNING * * *
You barely miss the gnoll.
The gnoll is almost dead.
The gnoll hits you with a +0 club.
* * * LOW HITPOINT WARNING * * *
You barely miss the gnoll.
The gnoll is almost dead.
The gnoll hits you with a +0 club.
You die...

.##.....# #.###.#..# #
.##...#.#####.###....#########
#
.##...#.##....#..............#
#
........##.####.......######.#
## )..##.#..#.# #....#..#
#.###. ...#.###...#
#.#.##..######..[..
(...#.#.####
#.#.##.........###. .#.###.#.#
#.#.##.#..........# .#..#.##.#
#.@.<#.#.#####.##.# .##..#..(#
##.g..#.#.# #.##.#
.##..#########.......#.#
#.##.#
###..###.............#.#
#....# #........###.......#.#
####.# ##.###.###
###...###.########.# #.....#
#...# #..........# #.#####
##.## ##########.# #.# #.###
#.#


You could see a gnoll (poisoned).

Vanquished Creatures
  A gnoll (D:2)
  An adder (D:3)
  2 ball pythons (D:3)
  5 bats
  4 endoplasms
  A giant cockroach (D:3)
  2 goblins
  7 hobgoblins
  9 kobolds
  A quokka (D:1)
  5 frilled lizards
  3 rats
41 creatures vanquished.

Notes
Turn   | Place    | Note
-------+----------+-------------------------------------------
     0 | D:1      | Duck the Formicid Venom Mage began the quest for the Orb.
     0 | D:1      | Reached XP level 1. HP: 13/13 MP: 3/3
   110 | D:1      | Reached XP level 2. HP: 13/19 MP: 0/5
   203 | D:1      | Found a faded altar of an unknown god.
   216 | D:1      | Got Plato's Lectures on Astrapomancy
   291 | D:1      | Found Guckuy's Assorted Antiques.
   368 | D:1      | Found Wytycs's Weapon Shop.
   758 | D:2      | Reached XP level 3. HP: 25/25 MP: 6/6
   849 | D:2      | Found a shadowy altar of Dithmenos.
  1282 | D:3      | Found an ornate altar of the Wu Jian Council.
  1334 | D:3      | Reached skill level 1 in Fighting
  1514 | D:3      | Reached skill level 1 in Polearms
  1521 | D:3      | Found a stormy altar of Qazlal.
  1630 | D:3      | Reached XP level 4. HP: 32/32 MP: 4/7
  1706 | D:2      | Reached skill level 5 in Poison Magic
  1794 | D:2      | Slain by a gnoll

Illustrated notes

Levels and vault maps discovered:
D:1:      kennysheep_arrival_seaside, layout_rooms,
          shapermc_ecumenical_altar_rom_forum, serial_shops,
          nicolae_square_shop, shop_statue, st_stairs_2
D:2:      layout_loops_ring, basic_altar, chequers_hall_statues_corner_a,
          minmay_tripent
D:3:      layout_basic, mainiacjoe_overflow_brackets, lemuel_crystal_altar,
          minmay_distorted

Skill      XL: |  1  2  3  4 |
---------------+-------------+-----
Fighting       | 1 |  1.3
Polearms       | 1 |  1.1
Poison Magic   | 5 |  5.0
Dodging        | |  1.8
Stealth        | |  2.5
Spellcasting   | |  2.7
Transmutations | |  1.2

Action                     |  1- 3 |  4- 6 || total
---------------------------+-------+-------++-------
  Melee: Unarmed           |     5 |       ||     5
         Spear             |    69 |    14 ||    83
   Cast: Sting             |    25 |     5 ||    30
   Stab: Sleeping          |     3 |       ||     3
 Armour: Robe              |    14 |       ||    14
  Dodge: Dodged            |    32 |     5 ||    37

Table legend: (Time is in decaauts)
 A = Elapsed time spent in this place.
 B = Non-inter-level travel time spent in this place.
 C = Inter-level travel time spent in this place.
 D = Time resting spent in this place.
 E = Time spent auto-exploring this place.
 F = Levels seen in this place.
 G = Mean time per level.
                   A        B        C        D        E       F      G
               +--------+--------+--------+--------+--------+-----+--------+
         Total |   1796 |   1730 |     66 |    143 |   1204 |   3 |  598.7 |
       Dungeon |   1796 |   1730 |     66 |    143 |   1204 |   3 |  598.7 |
               +--------+--------+--------+--------+--------+-----+--------+

Top non-repeatable levels by time:
     D:2: 711 daAuts
     D:1: 578 daAuts
     D:3: 506 daAuts
